 Dungeon Crawl Stone Soup version 0.15-a0-1506-g1b030bc (webtiles) character file.

266 AvylaarBelgium the Magician (level 6, -2/32 HPs)
             Began as a Deep Elf Fire Elementalist on June 15, 2014.
             Slain by a worker ant (5 damage)
             ... on Level 4 of the Dungeon.
             The game lasted 00:13:16 (3157 turns).

AvylaarBelgium the Magician (DEFE)                  Turns: 3157, Time: 00:13:17

HP  -2/32        AC  5     Str  5      XL: 6   Next:  0%
MP  14/21        EV 10     Int 22      God:
Gold 126         SH  0     Dex 15      Spells:  4 memorised,  3 levels left

rFire  . . .     SeeInvis .     g - +0 sling
rCold  . . .     Clarity  .     l - +0 leather armour
rNeg   . . .     rCorr    .     (no shield)
rPois  .         rRot     .     e - +0 helmet
rElec  .         Spirit   .     N - +0 cloak
SustAb .         Warding  .     (no gloves)
rMut   .         Stasis   .     (no boots)
Gourm  .                        m - cursed amulet of inaccuracy
MR     .....                    (no ring)
                                s - +2 ring of slaying

@: very slightly contaminated, not resistant to hostile enchantments, unstealthy
A: no striking features
a: no special abilities


You were on level 4 of the Dungeon.
You were not hungry.

You visited 1 branch of the dungeon, and saw 4 of its levels.

You collected 126 gold pieces.

Inventory:

Hand weapons
 g - a +0,+0 sling (weapon)
 u - a +0,+0 short sword
 x - a +0,+0 whip
 F - a +2,+0 falchion of holy wrath
Missiles
 r - 52 stones
 B - 14 silver bolts
 C - 19 poisoned arrows
 L - a sling bullet of flame (quivered)
Armour
 a - a +0 robe
 d - a +0 robe
 e - a +0 helmet (worn)
 l - a +0 leather armour (worn)
 G - a +0 leather armour
 H - a +0 robe
 I - a +0 leather armour
 N - a +0 cloak (worn)
Comestibles
 c - 5 bread rations
 o - 3 beef jerkies
 q - 4 meat rations
 w - a slice of pizza
 M - a chunk of worm flesh
Scrolls
 h - a scroll of blinking {unknown}
 i - 2 scrolls of remove curse {unknown}
 p - a scroll of fear {unknown}
 t - 2 scrolls of identify {unknown}
 v - a scroll of enchant weapon II {unknown}
 y - a scroll of amnesia {unknown}
 A - 2 scrolls of noise {unknown}
 J - 3 scrolls of teleportation {unknown}
 K - a scroll of random uselessness {unknown}
Jewellery
 m - a cursed amulet of inaccuracy (around neck)
 s - a +2 ring of slaying (left hand)
 E - an uncursed ring of ice
Potions
 f - a potion of cure mutation {unknown}
 j - a potion of paralysis {unknown}
 k - a potion of might {unknown}
 n - a potion of curing {unknown}
 z - a potion of lignification {unknown}
Books
 b - a book of Flames

   Spells                             Type                      Level
   *Flame Tongue                      Conjuration/Fire             1
   *Throw Flame                       Conjuration/Fire             2
   Conjure Flame                      Conjuration/Fire             3
   Inner Flame                        Hexes/Fire                   3
   *Sticky Flame                      Conjuration/Fire             4
   *Fireball                          Conjuration/Fire             5
 D - a book of Ice

   Spells                             Type                      Level
   Metabolic Englaciation             Hexes/Ice                    5
   Ozocubu's Refrigeration            Ice                          6
   Bolt of Cold                       Conjuration/Ice              6
   Freezing Cloud                     Conjuration/Ice/Air          6
   Simulacrum                         Ice/Necromancy               6


   Skills:
 - Level 2.4 Dodging
 - Level 2.4 Stealth
 + Level 5.3 Spellcasting
 + Level 3.9 Conjurations
 + Level 5.0 Fire Magic


You had 3 spell levels left.
You knew the following spells:

 Your Spells              Type           Power        Failure   Level  Hunger
a - Flame Tongue          Conj/Fire      ####.        1%          1    None
b - Throw Flame           Conj/Fire      ####..       2%          2    None
c - Sticky Flame          Conj/Fire      ####....     17%         4    ####...
d - Fireball              Conj/Fire      ####......   50%         5    #####..


Dungeon Overview and Level Annotations

Branches:
Dungeon (4/15)
 Temple: D:4-7

Altars:
Cheibriados
Okawaru
Trog


Message History

Aim: a worker ant The flame tongue hits the worker ant.
The worker ant appears unharmed.
Casting: Flame Tongue
Confirm with . or Enter, or press ? or * to list all spells.
Aiming: Sticky Flame
Press: ? - help, Shift-Dir - straight line, f/p - worker ant
Aim: a worker ant You miscast Sticky Flame.
You are very lightly contaminated with residual magic.
You are caught in a fiery explosion!
The explosion engulfs you!
Ouch! That really hurt!
* * * LOW HITPOINT WARNING * * *
The explosion engulfs the worker ant.
The worker ant is moderately wounded.
The worker ant bites you.
* * * LOW HITPOINT WARNING * * *
Drink which item? (? for menu, Esc to quit)
Okay, then.
The worker ant bites you.
You die...

... #.... #.... #.).
#+##########.#+#
#.#............#
#.###.#............#
#....a@............####
#...#.#.......).......#
##..#.................+
... #.........####....#
#### #.........# #....#
#.........# #.....
#.........####.....
#.............##...
#.####........##...


You could see a worker ant.

Vanquished Creatures
  An ogre (D:4)
  4 gnolls (D:4)
  An inept feature mimic (D:2)
  6 adders
  5 worms
  A giant gecko (D:2)
  2 orcs
  A ball python (D:1)
  2 giant cockroaches (D:3)
  8 goblins
  3 hobgoblins
  5 jackals
  6 kobolds
  9 bats
  A giant newt (D:2)
  2 quokkas
  8 rats
65 creatures vanquished.

Notes
Turn   | Place    | Note
--------------------------------------------------------------
     0 | D:1      | AvylaarBelgium, the Deep Elf Fire Elementalist, began the quest for the Orb.
     0 | D:1      | Reached XP level 1. HP: 10/10 MP: 5/5
   462 | D:1      | Reached XP level 2. HP: 15/15 MP: 3/8
   766 | D:2      | Reached XP level 3. HP: 19/19 MP: 6/11
   979 | D:2      | Reached skill level 4 in Spellcasting
  1144 | D:2      | Reached XP level 4. HP: 22/24 MP: 13/15
  1829 | D:3      | Found an iron altar of Okawaru.
  2019 | D:3      | Found a snail-covered altar of Cheibriados.
  2675 | D:3      | Noticed a moth of wrath
  2677 | D:3      | Found a bloodstained altar of Trog.
  3025 | D:4      | Noticed an ogre
  3031 | D:4      | Killed an ogre
  3031 | D:4      | Reached skill level 5 in Spellcasting
  3031 | D:4      | Reached XP level 5. HP: 28/28 MP: 14/19
  3082 | D:4      | Reached skill level 5 in Fire Magic
  3105 | D:4      | Reached XP level 6. HP: 32/32 MP: 14/21
  3109 | D:4      | Learned a level 2 spell: Throw Flame
  3114 | D:4      | Learned a level 4 spell: Sticky Flame
  3132 | D:4      | Learned a level 5 spell: Fireball
  3157 | D:4      | Slain by a worker ant

Action                   |  1- 3 |  4- 6 || total
-------------------------+-------+-------++-------
Melee: Unarmed           |     3 |       ||     3
 Fire: Sling             |    54 |    58 ||   112
 Cast: Flame Tongue      |    52 |    72 ||   124
       Throw Flame       |       |     1 ||     1
